 Dungeon Crawl Stone Soup version 0.23-b1-86-gba62f8e092 (webtiles) character file.

Game seed: 18330957324261712391

865 Zaubberer the Ruffian (level 7, 0/67 HPs)
             Began as a Troll Berserker on Feb 7, 2019.
             Was a Believer of Trog.
             Slain by an orc warrior
             ... wielding a cursed -1 dire flail
              (12 damage)
             ... on level 6 of the Dungeon.
             The game lasted 00:19:09 (3161 turns).

Zaubberer the Ruffian (Troll Berserker)             Turns: 3161, Time: 00:19:10

Health: 0/67       AC:  6    Str: 28    XL:     7   Next: 72%
Magic:  6/6        EV: 11    Int:  3    God:    Trog [**....]
Gold:   145        SH:  0    Dex:  9    Spells: 6/6 levels left

rFire    . . .     SeeInvis .     - Unarmed
rCold    . . .     Gourm    +   (no shield)
rNeg     . . .     Faith    .   a - +0 animal skin
rPois    .         Spirit   .   (helmet restricted)
rElec    .         Reflect  .   (no cloak)
rCorr    .         Harm     .   (gloves unavailable)
MR       .....                  (boots unavailable)
Stlth    +.........             (no amulet)
HPRegen  0.61/turn              (no ring)
MPRegen  0.10/turn              (no ring)

@: no status effects
A: large, unfitting armour, claws 3, fast metabolism 3, gourmand, regeneration
1, shaggy fur 1, tough skin 3
a: Berserk, Trog's Hand, Renounce Religion


You were on level 6 of the Dungeon.
You worshipped Trog.
Trog was pleased with you.
You were not hungry.

You visited 2 branches of the dungeon, and saw 7 of its levels.

You collected 227 gold pieces.
You spent 82 gold pieces at shops.

Inventory:

Armour
 a - a +0 animal skin (worn)
Jewellery
 p - an uncursed ring of poison resistance {unknown}
Wands
 h - a wand of random effects (21)
Scrolls
 d - 2 scrolls of enchant armour
 e - a scroll of noise {unknown}
 f - 2 scrolls of amnesia {unknown}
 j - 3 scrolls of identify {unknown}
 l - 2 scrolls of magic mapping {unknown}
 m - 3 scrolls of teleportation {unknown}
 r - a scroll of fog {unknown}
Potions
 g - a potion of resistance {unknown}
 i - a potion of lignification {unknown}
 k - a potion of mutation {unknown}
 n - a potion of berserk rage {unknown}
 q - a potion of agility {unknown}
 s - a potion of degeneration {unknown}
 t - a potion of invisibility {unknown}
Comestibles
 b - 3 rations


   Skills:
 + Level 3.2 Fighting
 + Level 5.1 Dodging
 + Level 0.6 Stealth
 + Level 6.8 Unarmed Combat


You had 6 spell levels left.
You didn't know any spells.
Your spell library was empty.

Dungeon Overview and Level Annotations

Branches:
Dungeon (6/15)             Temple (1/1) D:5

Altars:
Ashenzari
Cheibriados
Dithmenos
Elyvilon
Fedhas
Gozag
Hepliaklqana
Kikubaaqudgha
Makhleb
Nemelex Xobeh
Okawaru
Qazlal
Ru
Sif Muna
Trog
Uskayaw
Vehumet
Wu Jian
Xom
Zin
The Shining One

Shops:
D:5 [?


Innate Abilities, Weirdness & Mutations

You are too large for most types of armour.
You have claws for hands.
Your metabolism is lightning-fast.
You like to eat raw meat.
Your natural rate of healing is unusually fast.
You are covered in fur. (AC +1)
You have extremely tough skin. (AC +3)


Message History

The howler monkey hits you.
* * * LOW HITPOINT WARNING * * *
You see here a tomahawk.
The howler monkey hoots and howls with incredible vigour!
The howler monkey hoots and howls with incredible vigour!
The howler monkey hoots and howls with incredible vigour!
You mangle the howler monkey!!
You kill the howler monkey!
Trog accepts your kill.
You claw the orc warrior!
The orc warrior is moderately wounded.
The orc warrior barely misses you.
You claw the orc warrior!
The orc warrior is almost dead.
You scratch the orc warrior.
The orc warrior is almost dead.
You closely miss the orc warrior.
The orc warrior is almost dead.
The orc warrior hits you with a cursed -1 dire flail!
You die...

##..(........# #...##### #####
...#########.#####.....#
...###...###..####.###.# #######
...##.....##....##..##.###.....##
...#.......#....###...(........##
...#.......#.....#...####.<....##
...#.......##....#.### ###...###
...##..(..# #....### ###..## ...#
#...# ###o@# ##.##
####†########o# #...
#...(.(.......# #####.
#.............# #######.....
#.............#####.......####
#!########'####.....####### # #.
##...#####...# ####### #
##.....## ###.####....##
#......[# #.........##


You could see an orc warrior and an orc.

Vanquished Creatures
  Edmund (D:4)
  An acid dragon (D:6)
  A water moccasin (D:6)
  A bullfrog (D:6)
  A howler monkey (D:6)
  A centaur zombie (D:6)
  3 crimson imps
  A hound (D:6)
  A centaur skeleton (D:5)
  An iguana (D:4)
  Natasha (D:2)
  2 worker ants
  A hound skeleton (D:5)
  A worker ant zombie (D:5)
  6 adders
  2 dart slugs (D:1)
  2 leopard geckos
  2 orcs
  A giant cockroach (D:1)
  8 goblins
  2 hobgoblins
  12 jackals
  A kobold (D:1)
  A quokka (D:3)
  6 bats
  7 frilled lizards
  7 rats
  2 plants (D:1)
76 creatures vanquished.

Notes
Turn   | Place    | Note
-------+----------+-------------------------------------------
     0 | D:1      | Zaubberer the Troll Berserker began the quest for the Orb.
     0 | D:1      | Reached XP level 1. HP: 22/22 MP: 0/0
   319 | D:1      | Reached XP level 2. HP: 29/29 MP: 1/1
   616 | D:1      | Reached ** piety under Trog
   763 | D:1      | Reached XP level 3. HP: 36/36 MP: 2/2
   976 | D:2      | Noticed Natasha
   983 | D:2      | Killed Natasha
  1079 | D:3      | Reached XP level 4. HP: 41/44 MP: 3/3
  1170 | D:3      | Reached skill level 4 in Unarmed Combat
  1465 | D:4      | Noticed Edmund
  1492 | D:4      | Killed Edmund
  1492 | D:4      | Reached skill level 5 in Unarmed Combat
  1492 | D:4      | Reached XP level 5. HP: 29/52 MP: 4/4
  1523 | D:4      | Reached XP level 6. HP: 52/59 MP: 5/5
  2137 | D:5      | Entered Level 5 of the Dungeon
  2266 | D:5      | Found a staircase to the Ecumenical Temple.
  2278 | Temple   | Entered the Ecumenical Temple
  2538 | D:5      | Found Fathra's Armour Shoppe.
  2608 | D:5      | Found Hikonurph's Magic Scroll Shoppe.
  2628 | D:5      | Bought a scroll of enchant armour for 82 gold pieces
  2815 | D:6      | Reached XP level 7. HP: 65/67 MP: 6/6
  3030 | D:6      | Reached skill level 6 in Unarmed Combat
  3137 | D:6      | Reached skill level 5 in Dodging
  3146 | D:6      | HP: 3/67 [howler monkey (3)]
  3161 | D:6      | Slain by an orc warrior

Skill      XL: |  1  2  3  4  5  6  7 |
---------------+----------------------+-----
Dodging        | 3 4 5 |  5.1
Unarmed Combat | 5 6 |  6.8
Fighting       | 3 |  3.2
Stealth        | |  0.6

Action                   |  1- 3 |  4- 6 |  7- 9 || total
-------------------------+-------+-------+-------++-------
Melee: Unarmed           |   119 |   131 |    29 ||   279
       Punch             |     2 |     3 |     1 ||     6
  Use: Potion            |     1 |       |     3 ||     4
  Eat: Ration            |     2 |     3 |     1 ||     6
       Chunk             |     1 |     4 |     1 ||     6
Armor: Animal skin       |    64 |    61 |     7 ||   132
Dodge: Dodged            |    97 |    78 |    33 ||   208
